cohdb
Replays
Latest Replays
All Replays
Popular Replays
Top Player Replays
Match Explorer
How It Works
Community
CoH3 Stats
Reddit
Sign in to upload your games and track your stats! →
Sign in with Steam
Match 41441908
Unlisted
Match 41441908
Overview
Messages
Build Orders
End
Panzergrenadier Squad
250 Light Carrier
Selects Italian Infantry
Panzergrenadier Squad
Construct Light Support Kompanie
250 Light Carrier
Fire Support Elements
Pak 38 Anti-tank Gun Team
2.5-tonne Medical Truck
Veteran Squad Leaders
2.5-tonne Medical Truck
Selects Guastatori Squad
Selects Registered Artillery
le.IG 18 Mechanized Group
Panzergrenadier Squad
Construct Panzerarmee Kommand
Selects Towed Cannone da 105/28 Field Howitzer
Towed Cannone da 105/28 Field Howitzer
Panzer III L Medium Tank
Armored Reserves
Guastatori Squad
Tiger Heavy Tank
Archi [★★★]
Panda Le GaY's
Skryme
Granger
MZMZ
jerjawe
0
0
Comments
sign in to comment!
No comments posted yet!